 Dungeon Crawl Stone Soup version 0.25.0-46-gbd7b0854d2 (webtiles) character file.

Game seed: 17464262924930389285

1885 H0rd4k the Thaumaturge (level 8, -6/41 HPs)
             Began as a Deep Elf Wizard on July 10, 2020.
             Was an Initiate of Gozag.
             Engulfed by a cloud of flame (15 damage)
             ... on level 6 of the Dungeon on July 13, 2020.
             The game lasted 00:17:43 (7304 turns).

H0rd4k the Thaumaturge (Deep Elf Wizard)            Turns: 7304, Time: 00:17:44

Health: -6/41      AC:  3    Str:  4    XL:     8   Next: 92%
Magic:  8/24       EV: 14    Int: 26    God:    Gozag
Gold:   294        SH:  0    Dex: 13    Spells: 18/27 levels left

rFire    . . .     SeeInvis .   (no weapon)
rCold    + . .     Gourm    .   (no shield)
rNeg     . . .     Faith    .   z - +1 robe {rC+}
rPois    .         Spirit   .   b - +0 hat
rElec    .         Reflect  .   (no cloak)
rCorr    .         Harm     .   (no gloves)
MR       .....                  (no boots)
Stlth    +.........             (no amulet)
HPRegen  0.13/turn              (no ring)
MPRegen  0.19/turn              (no ring)

@: confused, gold aura, very slightly contaminated
A: no striking features
a: Potion Petition, Call Merchant, Bribe Branch, Renounce Religion


You were on level 6 of the Dungeon.
You worshipped Gozag.
Gozag was aware of your devotion.
You were very hungry.

You visited 1 branch of the dungeon, and saw 6 of its levels.
You also visited: Sewer.

You collected 370 gold pieces.
You paid 76 gold pieces to Gozag.

Inventory:

Hand Weapons
 v - a cursed -2 hunting sling
Missiles
 n - 33 poisoned darts (quivered)
 w - 7 curare-tipped darts
 B - 5 atropa-tipped darts
Armour
 a - a +0 robe
 b - a +0 hat (worn)
 z - a +1 robe of cold resistance (worn)
Jewellery
 m - an uncursed ring of resist corrosion {unknown}
Wands
 l - a wand of clouds (1)
 y - a wand of paralysis (3)
Scrolls
 e - 4 scrolls of remove curse {unknown}
 f - a scroll of noise {unknown}
 h - 3 scrolls of blinking {unknown}
 i - 7 scrolls of teleportation {unknown}
 k - 7 scrolls of identify {unknown}
 o - a scroll of immolation {unknown}
 r - a scroll of magic mapping {unknown}
 s - 2 scrolls of enchant armour {unknown}
Potions
 c - a potion of lignification {unknown}
 g - a potion of haste {unknown}
 j - a potion of brilliance
 p - 3 potions of curing
 q - a potion of degeneration {unknown}
 t - 2 potions of magic {unknown}
 u - 2 potions of heal wounds {unknown}
 x - 2 potions of berserk rage {unknown}
 A - 2 potions of might {unknown}
Comestibles
 d - 7 rations


   Skills:
 + Level 4.6 Dodging
 + Level 3.6 Stealth
 + Level 10.1 Spellcasting
 + Level 6.2 Conjurations
   Level 1.1 Summonings
 + Level 2.6 Translocations
 * Level 4.7 Fire Magic
 + Level 1.3 Air Magic
 + Level 2.2 Poison Magic
 + Level 1.2 Evocations


You had 18 spell levels left.
You knew the following spells:

 Your Spells              Type           Power        Failure   Level  Hunger
a - Magic Dart            Conj           ####         1%          1    None
b - Blink                 Tloc           N/A          2%          2    None
c - Conjure Flame         Conj/Fire      #####...     1%          3    None
d - Mephitic Cloud        Conj/Pois/Air  ####....     3%          3    None

Your spell library contained the following spells:

 Spells                   Type           Power        Failure   Level  Hunger
 Call Imp                 Summ           ###.....     4%          2    None
 Slow                     Hex            ##......     7%          2    None


Dungeon Overview and Level Annotations

Branches:
Dungeon (6/15)             Temple (0/1) D:5           Sewer (visited)

Altars:
Fedhas
Gozag
Kikubaaqudgha

Annotations:
D:2 exclusion: 2 downstairs
D:4 exclusion: downstairs
D:5 2 runed translucent doors, exclusions: 2 doors and upstairs, Peloso's ghost, novice DsFi


Message History

The ogre hits you with a +0 giant club!!
Ouch! That really hurt!
* * * LOW HITPOINT WARNING * * *
Casting: Magic Dart (safe; 1% risk of failure)
Confirm with . or Enter, or press ? or * to list all spells.
You blink.
You are engulfed in noxious fumes.
You choke on the stench!
You are confused.
* * * LOW HITPOINT WARNING * * *
You're too confused to cast spells.
You are engulfed in noxious fumes.
You choke on the stench!
You are more confused.
* * * LOW HITPOINT WARNING * * *
The ogre is engulfed in blazing flames.
You kill the ogre!
You are engulfed in noxious fumes.
You choke on the stench!
You are more confused.
* * * LOW HITPOINT WARNING * * *
You are engulfed in blazing flames.
You die...
Your body crumbles into a pile of gold.

####### #.....# ####### ##.##.#
......#####.##.##################
............a..○@................
......#####.##.######.###########
..##..# #.##.# #.# ..##..# #.##.#
#.# ......#####'##.#
#.########### .)#...##.....#.#
#..........).
##.....'.....#.######.##########.
.....###.....#.........# #.
###### ##############..# #.


You could see a worker ant.

Vanquished Creatures
  Pikel (D:6)
  Eustachio (D:6)
  Edmund (D:4)
  Menkaure (D:5)
  A slave (D:6)
  A phantom (D:4)
  3 ogres
  A centaur (D:5)
  A bullfrog (D:6)
  Blork the orc (D:6)
  A crimson imp (D:4)
  4 hounds
  2 iguanas (D:5)
  2 orc wizards (D:5)
  3 worker ants (D:5)
  A worker ant zombie (D:5)
  7 adders
  3 gnolls (D:3)
  A shadow imp (D:5)
  A white imp (D:4)
  5 oozes
  An adder zombie (D:5)
  An adder skeleton (D:5)
  A worm (D:3)
  2 dart slugs
  2 leopard geckos (D:3)
  8 orcs
  5 ball pythons
  4 giant cockroaches
  3 goblins (D:1)
  7 hobgoblins
  4 jackals (D:2)
  4 quokkas
  9 bats
  7 frilled lizards
  8 kobolds
  11 rats
119 creatures vanquished.

Vanquished Creatures (others)
  An orc wizard (D:5)
1 creature vanquished.

Grand Total: 120 creatures vanquished

Notes
Turn   | Place    | Note
-------+----------+-------------------------------------------
     0 | D:1      | H0rd4k the Deep Elf Wizard began the quest for the Orb.
     0 | D:1      | Reached XP level 1. HP: 10/10 MP: 7/7
   252 | D:1      | Reached XP level 2. HP: 14/15 MP: 3/9
   304 | D:1      | Reached skill level 5 in Spellcasting
   905 | D:2      | Reached XP level 3. HP: 19/19 MP: 8/12
  1877 | D:3      | Reached skill level 6 in Spellcasting
  1877 | D:3      | Reached XP level 4. HP: 20/24 MP: 1/14
  2073 | D:3      | Learned a level 2 spell: Blink
  2077 | D:3      | Learned a level 3 spell: Conjure Flame
  2209 | D:3      | Learned a level 3 spell: Mephitic Cloud
  2368 | D:3      | Reached skill level 1 in Fire Magic
  2737 | D:3      | Upgraded the game from 0.25.0-41-g26779e291d to
                  | 0.25.0-46-gbd7b0854d2
  2760 | D:4      | Noticed an ogre
  2777 | D:4      | Killed an ogre
  2777 | D:4      | Reached skill level 1 in Poison Magic
  2777 | D:4      | Reached XP level 5. HP: 28/28 MP: 4/16
  2950 | D:4      | Reached skill level 7 in Spellcasting
  3024 | D:4      | Noticed an ogre
  3110 | D:4      | Killed an ogre
  3110 | D:4      | Reached XP level 6. HP: 10/32 MP: 2/18
  3951 | D:5      | Entered Level 5 of the Dungeon
  4006 | D:5      | Noticed Menkaure
  4024 | D:5      | Killed Menkaure
  4024 | D:5      | Reached skill level 8 in Spellcasting
  4024 | D:5      | Reached XP level 7. HP: 12/36 MP: 5/20
  4308 | D:5      | Noticed Edmund
  4495 | D:4      | Killed Edmund
  4667 | D:5      | Found an opulent altar of Gozag.
  4679 | D:5      | Found a blossoming altar of Fedhas.
  4679 | D:5      | Found an ancient bone altar of Kikubaaqudgha.
  4717 | D:5      | Found a staircase to the Ecumenical Temple.
  5063 | D:5      | Found a large runed translucent door.
  5064 | D:5      | Found a large runed translucent door.
  5069 | D:5      | Noticed Peloso's ghost (novice DsFi)
  5168 | D:5      | Reached skill level 9 in Spellcasting
  5452 | D:5      | Reached skill level 1 in Air Magic
  5692 | D:5      | Reached XP level 8. HP: 9/41 MP: 10/23
  6048 | D:5      | Became a worshipper of Gozag Ym Sagoz the Greedy
  6174 | D:6      | Noticed Blork the orc
  6191 | D:6      | Noticed Eustachio
  6191 | D:6      | Killed Blork the orc
  6191 | D:6      | Reached skill level 5 in Conjurations
  6226 | D:6      | Killed Eustachio
  6399 | D:6      | Found a glowing drain.
  6412 | Sewer    | Entered a sewer
  6868 | D:6      | Noticed Pikel
  6878 | D:6      | HP: 1/41 [Pikel/+2 whip of flaming (6)]
  6882 | D:6      | Killed Pikel
  6882 | D:6      | Reached skill level 10 in Spellcasting
  6882 | D:6      | Reached skill level 1 in Evocations
  7304 | D:6      | Engulfed by a cloud of flame

Illustrated notes

Levels and vault maps discovered:
D:1:      lightli_arrival_boilingwater, layout_rooms
D:2:      layout_loops_cross, first_ration
D:3:      layout_rooms, corexii_item_surrounded_by_moat
D:4:      layout_cave_pools, minmay_fire_ice_demons
D:5:      layout_loops_ring, grunt_temple_overflow_open,
          minmay_temple_entry_statues_pillars, ebering_ghost_disaster_area,
          minmay_misc_feat_room, minmay_fractal_squares_gapless_5, uniq_edmund,
          uniq_menkaure
D:6:      layout_basic, cheibrodos_sewer_entry_drain, uniq_eustachio,
          uniq_pikel, uniq_crazy_yiuf_cottage, uniq_blork_the_orc

Skill      XL: |  1  2  3  4  5  6  7  8 |
---------------+-------------------------+-----
Spellcasting   | 5 6 7 8 9 10 | 10.1
Dodging        | 3 4 |  4.6
Conjurations   | 2 3 4 6 |  6.2
Fire Magic     | 1 2 3 4 |  4.7
Poison Magic   | 1 2 |  2.2
Stealth        | 3 |  3.6
Translocations | 2 |  2.6
Air Magic      | 1 |  1.3
Evocations     | 1 |  1.2
Summonings     | |  1.1

Action                   |  1- 3 |  4- 6 |  7- 9 || total
-------------------------+-------+-------+-------++-------
 Cast: Magic Dart        |   107 |   130 |   126 ||   363
       Conjure Flame     |       |     6 |    15 ||    21
       Mephitic Cloud    |       |     2 |    13 ||    15
       Blink             |       |     4 |    14 ||    18
Evoke: Wand              |     1 |       |     9 ||    10
  Use: Potion            |       |       |     2 ||     2
  Eat: Chunk             |     3 |     3 |     2 ||     8
       Ration            |       |     1 |     2 ||     3
Armor: Robe              |     8 |     4 |     4 ||    16
Dodge: Dodged            |    39 |    21 |    23 ||    83
